 Dungeon Crawl Stone Soup version 0.22-a0-558-gc224181 (webtiles) character file.

720 inc the Cleaver (level 7, -2/52 HPs)
             Began as a Demonspawn Monk on June 26, 2018.
             Slain by an ogre
             ... wielding a +0 giant club
              (11 damage)
             ... on level 5 of the Dungeon.
             The game lasted 00:08:12 (4346 turns).

inc the Cleaver (Demonspawn Monk)                   Turns: 4346, Time: 00:08:13

Health: -2/52      AC: 13    Str: 13    XL:     7   Next: 42%
Magic:  0/7        EV:  7    Int: 16    God:
Gold:   210        SH:  0    Dex: 22    Spells: 6/6 levels left

rFire    . . .     SeeInvis .   a - +0 hand axe
rCold    . . .     Gourm    .   (no shield)
rNeg     . . .     Faith    .   w - +0 chain mail
rPois    +         Spirit   +   (helmet restricted)
rElec    .         Reflect  .   (no cloak)
rCorr    .         Harm     .   n - +0 pair of gloves
MR       +....     NoTele   +   x - +0 pair of boots of the Spheres {-Tele rPois Int+4 Dex+7}
Stlth    ..........             v - amulet of guardian spirit
HPRegen  0.17/turn              u - ring of protection from magic
MPRegen  0.10/turn              (no ring)

@: confused
A: horns 1, slimy green scales 2, spiny 1
a: no special abilities


You were on level 5 of the Dungeon.
You were hungry.

You visited 1 branch of the dungeon, and saw 5 of its levels.

You collected 210 gold pieces.

Inventory:

Hand Weapons
 a - a +0 hand axe (weapon)
Armour
 b - a +0 robe
 h - a +0 leather armour
 n - a +0 pair of gloves (worn)
 t - a +0 plate armour
 w - a +0 chain mail (worn)
 x - the +0 pair of boots of the Spheres (worn) {-Tele rPois Int+4 Dex+7}
   (You found it on level 4 of the Dungeon)

   It affects your intelligence (+4).
   It affects your dexterity (+7).
   It protects you from poison.
   It prevents most forms of teleportation.
Jewellery
 g - an uncursed amulet of magic regeneration
 s - an uncursed amulet of faith
 u - a ring of protection from magic (left hand)
 v - an amulet of guardian spirit (around neck)
Scrolls
 d - a scroll of enchant armour {unknown}
 f - a scroll of magic mapping {unknown}
 j - 2 scrolls of teleportation {unknown}
 k - a scroll of remove curse
 l - a scroll of blinking {unknown}
 q - a scroll of fear {unknown}
 r - a scroll of enchant weapon {unknown}
 y - a scroll of identify
 z - a scroll of noise {unknown}
Potions
 i - a potion of brilliance
 m - a potion of magic
 o - a potion of resistance {unknown}
 p - 3 potions of mutation
 A - a potion of curing
Comestibles
 c - 8 rations


   Skills:
 - Level 3.0 Fighting
 + Level 8.1 Axes
 - Level 2.6 Dodging
 - Level 1.7 Stealth


You had 6 spell levels left.
You didn't know any spells.
Your spell library contained the following spells:

 Spells                   Type           Power        Failure   Level  Hunger
 Apportation              Tloc           #.....       100%        1    ##.....
 Summon Small Mammal      Summ           #...         100%        1    ##.....
 Animate Skeleton         Necr           N/A          100%        1    ##.....
 Confusing Touch          Hex            #.....       100%        1    ##.....


Dungeon Overview and Level Annotations

Branches:
Dungeon (5/15)
 Temple: D:4-7

Altars:
Ashenzari
Kikubaaqudgha
Nemelex Xobeh
Ru
Sif Muna
Trog
Wu Jian
Zin

Annotations:
D:3 Sigmund


Innate Abilities, Weirdness & Mutations

You have a pair of small horns on your head.
You are mostly covered in slimy green scales. (AC +3)
You are partially covered in sharp spines.


Message History

You are too injured to fight recklessly!
The centaur shouts!
You hit the ogre.
The ogre is severely wounded.
You completely miss the crimson imp.
The centaur wields a shortbow.
The centaur shoots an arrow.
The arrow hits you.
* * * LOW HITPOINT WARNING * * *
The crimson imp hits you but does no damage.
The ogre hits you with a giant club!
* * * LOW HITPOINT WARNING * * *
The crimson imp blinks!
It was a potion of curing.
You feel better.
The crimson imp blinks!
The centaur shoots an arrow.
The arrow hits you.
* * * LOW HITPOINT WARNING * * *
The crimson imp blinks!
It was a potion of ambrosia.
You are confused.
You feel invigorated. The ogre is struck by your spines.
The ogre hits you with a giant club!
You die...

#..........#
......
#........†.# #
.....
#.......#..# #.
....
#.......#..# ...
..5
#............
.... ..
###.#..###.##g
.....#§ ...#..#
..
......O##..##..#
.#
...#..@#...#...
.......†§......#
......§...Z.....
................
..5.............
................
......c.........
...............#
..............#


You could see an ogre, a centaur, 2 crimson imps and a ball python skeleton.

Vanquished Creatures
  An ogre (D:4)
  A scorpion (D:4)
  2 bullfrog skeletons (D:4)
  2 jellies (D:3)
  3 orc wizards
  2 iguanas
  3 worker ants (D:4)
  A hound skeleton (D:4)
  4 gnolls
  8 adders
  7 oozes (D:3)
  2 adder skeletons (D:4)
  3 worms
  A dart slug (D:3)
  2 leopard geckos (D:4)
  8 orcs
  6 bats
  4 giant cockroaches
  4 hobgoblins (D:1)
  10 jackals
  A quokka (D:2)
  2 ball pythons
  6 frilled lizards
  8 goblins
  A jackal zombie (D:5)
  11 kobolds
  A quokka skeleton (D:4)
  11 rats
115 creatures vanquished.

Vanquished Creatures (others)
  A human (D:4)
  A fungus (D:3)
  6 toadstools (D:3)
8 creatures vanquished.

Grand Total: 123 creatures vanquished

Notes
Turn   | Place    | Note
-------+----------+-------------------------------------------
     0 | D:1      | inc the Demonspawn Monk began the quest for the Orb.
     0 | D:1      | Reached XP level 1. HP: 18/18 MP: 1/1
    83 | D:1      | Reached skill level 3 in Axes
   121 | D:1      | Gained mutation: You are partially covered in slimy green scales. (AC +2) [demonic ancestry]
   121 | D:1      | Reached XP level 2. HP: 19/24 MP: 2/2
   856 | D:2      | Found a deep blue altar of Sif Muna.
   869 | D:2      | Reached XP level 3. HP: 26/29 MP: 3/3
   940 | D:2      | Reached skill level 4 in Axes
  1463 | D:2      | Gained mutation: You have a pair of small horns on your head. [demonic ancestry]
  1463 | D:2      | Reached XP level 4. HP: 25/35 MP: 4/4
  1542 | D:2      | Found a bloodstained altar of Trog.
  1544 | D:2      | Found a glowing silver altar of Zin.
  1596 | D:3      | Found a sacrificial altar of Ru.
  1743 | D:3      | Noticed Sigmund
  1977 | D:3      | Reached skill level 5 in Axes
  1998 | D:3      | Reached XP level 5. HP: 32/41 MP: 5/5
  2508 | D:3      | Reached skill level 6 in Axes
  2719 | D:3      | Found a sparkling altar of Nemelex Xobeh.
  3071 | D:4      | Got a pair of slimy boots
  3077 | D:4      | Gained mutation: You are mostly covered in slimy green scales. (AC +3) [demonic ancestry]
  3077 | D:4      | Reached XP level 6. HP: 45/47 MP: 6/6
  3122 | D:4      | Identified the +0 pair of boots of the Spheres {-Tele rPois Int+4 Dex+7} (You found it on level 4 of the Dungeon)
  3574 | D:4      | Reached skill level 7 in Axes
  3837 | D:4      | Found an ancient bone altar of Kikubaaqudgha.
  3843 | D:4      | Noticed a human
  3845 | D:4      | Killed a human
  3863 | D:4      | Gained mutation: You are partially covered in sharp spines. [demonic ancestry]
  3863 | D:4      | Reached XP level 7. HP: 45/52 MP: 5/7
  4017 | D:4      | Found an ornate altar of the Wu Jian Council.
  4262 | D:5      | Entered Level 5 of the Dungeon
  4262 | D:5      | Found a shattered altar of Ashenzari.
  4274 | D:5      | Reached skill level 8 in Axes
  4344 | D:5      | HP: 2/52 [ogre/giant club (11)]
  4346 | D:5      | Slain by an ogre

Vault maps used:
D:1:      evilmike_arrival_sounds_zot
D:2:      nicolae_overflow_hidden_temple
D:3:      cheibrodos_fertilizer, hangedman_ru_absence,
          nemelex_xobeh_ov_fountains_minmay, first_ration, uniq_ijyb,
          uniq_sigmund
D:4:      kennysheep_mini_moat, tgw_kikubaaqudgha
D:5:      ashenzari_altar_1, minmay_temple_entry_poolview,
          minmay_gold_behind_fungi, nrook_uturn

Skill      XL: |  1  2  3  4  5  6  7 |
---------------+----------------------+-----
Axes           | 3 4 5 6 7 8 |  8.1
Fighting       | |  3.0
Dodging        | |  2.6
Stealth        | |  1.7

Action                   |  1- 3 |  4- 6 |  7- 9 || total
-------------------------+-------+-------+-------++-------
Melee: Hand axe          |   156 |   251 |    58 ||   465
       Headbutt          |       |    56 |    14 ||    70
  Use: Scroll            |       |     6 |       ||     6
       Potion            |       |     1 |     2 ||     3
 Stab: Sleeping          |     5 |     2 |       ||     7
  Eat: Chunk             |     2 |     7 |     2 ||    11
Armor: Robe              |    18 |       |       ||    18
       Leather armour    |    44 |    26 |       ||    70
       Chain mail        |       |   110 |    25 ||   135
Dodge: Dodged            |   139 |    82 |    11 ||   232

Table legend:
 A = Spawn XP
 B = Non-spawn XP
 C = Spawn XP percentage of total XP
 D = Spawn monster count
 E = Non-spawn monster count
 F = Spawn count percentage of total count
 G = Total turns spent on level
                    A         B        C        D         E        F      G
               +---------+---------+-------+---------+---------+-------+---------
         Total |       0 |    1029 |   0.0 |       0 |     115 |   0.0 |  4346
               +---------+---------+-------+---------+---------+-------+---------
           D:1 |       0 |      38 |   0.0 |       0 |      25 |   0.0 |   846
           D:2 |       0 |      66 |   0.0 |       0 |      17 |   0.0 |   748
           D:3 |       0 |     261 |   0.0 |       0 |      41 |   0.0 |  1421
           D:4 |       0 |     611 |   0.0 |       0 |      28 |   0.0 |  1288
           D:5 |       0 |      53 |   0.0 |       0 |       4 |   0.0 |    43
               +---------+---------+-------+---------+---------+-------+---------
